 Dungeon Crawl Stone Soup version 0.17-a0-1691-g18a3847 (webtiles) character file.

163 ololoev the Poker (level 5, -5/45 HPs)
             Began as a Draconian Chaos Knight on Aug 20, 2015.
             Slain by a decayed bog body (10 damage)
             ... in an ossuary.
             The game lasted 00:07:11 (2456 turns).

ololoev the Poker (Draconian Chaos Knight)          Turns: 2456, Time: 00:07:11

Health: -5/45      AC:  5    Str: 15    XL:     5   Next: 20%
Magic:  5/5        EV: 12    Int: 13    God:    Xom [...*..]
Gold:   97         SH:  0    Dex: 10    Spells: 0 memorised, 4 levels left

rFire  . . .     SeeInvis .     a - +0 spear (chaos)
rCold  . . .     Clarity  .     (armour unavailable)
rNeg   . . .     SustAt   .     (no shield)
rPois  .         Gourm    .     (helmet restricted)
rElec  .         Spirit   .     (no cloak)
rCorr  .         Warding  .     (no gloves)
rMut   .         Stasis   .     (no boots)
MR     .....                    (no amulet)
Stlth  +.........               (no ring)
                                (no ring)

@: about to teleport, not resistant to hostile enchantments, very unstealthy
A: unfitting armour, cold-blooded, AC +5
a: Renounce Religion


Innate Abilities, Weirdness & Mutations

Your plain brown scales are hard (AC +5).
Your body does not fit into most forms of armour.
You are cold-blooded and may be slowed by cold attacks.

Inventory:

Hand weapons
 a - a +0 spear of chaos (weapon)
Scrolls
 i - a scroll of identify
Potions
 l - a potion of heal wounds
Comestibles
 b - 5 bread rations
 c - a beef jerky
 g - a meat ration


   Skills:
 - Level 3.2 Fighting
 + Level 6.0 Polearms
 - Level 2.1 Dodging


You had 4 spell levels left.
You didn't know any spells.
You were in an ossuary. You worshipped Xom. You were a favourite toy of Xom. You were not hungry. You visited 1 branch of the dungeon, and saw 4 of its levels. You also visited: Ossuary. You collected 97 gold pieces. ##### #..∩# #.∩@# #.n§# ##n## ≈≈.≈ #.≈.#.≈ #.#. P#. #### #≈≈≈ ≈ ≈# #≈ #

Notes
Turn   | Place    | Note
--------------------------------------------------------------
     0 | D:1      | ololoev the Draconian Chaos Knight began the quest for the Orb.
     0 | D:1      | Reached XP level 1. HP: 19/19 MP: 1/1
    71 | D:1      | Reached XP level 2. HP: 26/26 MP: 2/2
   207 | D:1      | XOM: cast spell 'Beastly Appendage'
   290 | D:1      | XOM is BORED!
   290 | D:1      | XOM: mild Tloc miscast
   291 | D:1      | Noticed a spatial vortex
   320 | D:1      | Killed a spatial vortex
   429 | D:1      | Reached skill level 4 in Polearms
   551 | D:2      | Reached XP level 3. HP: 27/31 MP: 3/3
   663 | D:2      | XOM: silly message
   673 | D:2      | XOM: harmless Necr miscast
   881 | D:2      | XOM: noise
  1201 | D:2      | XOM: scenery: create altars
  1363 | D:3      | Reached XP level 4. HP: 35/38 MP: 4/4
  1369 | D:3      | XOM: silly message
  1391 | D:3      | Reached skill level 5 in Polearms
  1636 | D:3      | XOM: silly message
  2159 | D:3      | XOM: fog
  2416 | D:4      | XOM: colour smoke trail
  2425 | D:4      | XOM: divination: detect items
  2434 | D:4      | Reached skill level 6 in Polearms
  2434 | D:4      | Reached XP level 5. HP: 40/45 MP: 5/5
  2442 | D:4      | Found a sand-covered staircase.
  2446 | Ossuary  | Entered an ossuary
  2448 | Ossuary  | XOM: god gift: scroll labeled TAOTIASTEA
  2456 | Ossuary  | Slain by a decayed bog body

Dungeon Overview and Level Annotations

Branches:
Dungeon (4/15)
 Temple: D:4-7

Altars:
Xom


Message History

There is an open door here.
There is a sand-covered staircase here.
The world spins around you as you enter the gateway.
You enter an ossuary!
Found a gate leading back out of this place.
There is an empty arch of ancient stone here.
You open the door. 3 bog bodies come into view.
Xom smiles on you. Something appears at your feet!
The decayed bog body gestures at you while chanting.
The puff of frost misses you.
Press: ? - help, v - describe, . - travel
Here: a decayed bog body The floor.
You close the door.
Press: ? - help, v - describe, . - travel, g - get item A scroll labeled TAOTIASTEA.
The floor.
d - a scroll labeled TAOTIASTEA A decayed bog body opens the door.
You hit the decayed bog body.
The decayed bog body's magic leaks into the air.
The decayed bog body is lightly damaged.
You hit the decayed bog body.
The decayed bog body is lightly damaged.
Read which item? (? for menu, Esc to quit)
As you read the scroll labeled TAOTIASTEA, it crumbles to dust.
You feel strangely unstable.
It was a scroll of teleportation.
The decayed bog body hits you. The decayed bog body barely misses you.
You hit the decayed bog body but do no damage.
You tail-slap the decayed bog body.
The decayed bog body is lightly damaged.
The decayed bog body hits you!!
The decayed bog body closely misses you.
The decayed bog body hits you! The decayed bog body barely misses you.
You are too injured to fight recklessly!
The decayed bog body hits you!
You die...
Xom bursts into laughter!

You could see 2 decayed bog bodies.

Vanquished Creatures
  A spatial vortex (D:1)
  A hound (D:4)
  A mummy (D:4)
  A gnoll (D:3)
  2 adders
  2 worms
  A giant gecko (D:2)
  4 orcs (D:3)
  8 ball pythons
  6 bats
  10 hobgoblins
  5 jackals (D:3)
  5 kobolds
  2 quokkas (D:3)
  8 giant cockroaches
  7 giant newts
  9 goblins
  9 rats
82 creatures vanquished.

Vanquished Creatures (others)
  A plant (Ossuary)
1 creature vanquished.

Grand Total: 83 creatures vanquished

Action                   |  1- 3 |  4- 6 || total
-------------------------+-------+-------++-------
Melee: Spear             |   188 |   125 ||   313
Evoke: Wand              |       |     4 ||     4
  Use: Scroll            |       |     8 ||     8
 Stab: Paralysed         |     5 |       ||     5
       Sleeping          |     2 |       ||     2
       Confused          |     1 |       ||     1
       Petrifying        |     1 |       ||     1
  Eat: Chunk             |     1 |     3 ||     4
       Pizza             |       |     1 ||     1

Vault maps used:
D:1:      scummos_arrival_simple_crosswalls
D:2:      minmay_strange_pillars, minmay_shallow_snake_nest
D:4:      first_bread, nicolae_ossuary_entry_giza, trog_wizard
Ossuary:  ossuary_zaba_flooded
